 Dungeon Crawl Stone Soup version 0.14-a0-1613-gd720e3e (webtiles) character file.

164 M4edhros the Stinger (level 4, 0/28 HPs)
             Began as an Octopode Wanderer on Dec 25, 2013.
             Slain by a giant frog skeleton (5 damage)
             ... on Level 4 of the Dungeon.
             The game lasted 00:01:59 (1971 turns).

M4edhros the Stinger (Octopode Wanderer)            Turns: 1971, Time: 00:01:59

HP   0/28        AC  1     Str 13      XL: 4   Next: 46%
MP   5/5         EV 11     Int 13      God:
Gold 80          SH  0     Dex 11      Spells:  1 memorised,  2 levels left

rFire  . . .     SeeInvis .     a - +2,+1 quarterstaff
rCold  . . .     Clarity  .     (no shield)
rNeg   . . .     Conserve .     (helmet restricted)
rPois  .         rCorr    .     (no amulet)
rElec  .         rRot     .     (no ring)
SustAb . .       Spirit   .     (no ring)
rMut   .         Warding  .     (no ring)
Saprov . . .     Stasis   .     (no ring)
                                (no ring)
                                (no ring)
                                (no ring)
                                (no ring)

@: slightly resistant to hostile enchantments, quite stealthy
A: almost no armour, amphibious, 8 rings, constrict 8, camouflage 1, blurry
vision 1, breathe flames 1, deterioration 1, gelatinous body 1
a: Breathe Fire


You were on level 4 of the Dungeon.
You were hungry.

You visited 1 branch of the dungeon, and saw 4 of its levels.

You collected 80 gold pieces.

Inventory:

Hand weapons
 a - a +2,+1 quarterstaff (weapon)
 c - a +0,+0 dagger
Comestibles
 d - 6 bread rations
 g - a pear
 h - 2 meat rations
 i - a rotting chunk of adder flesh
 n - 2 rotting chunks of hobgoblin flesh
Scrolls
 b - 4 scrolls of identify {unknown}
 e - 2 scrolls of remove curse {unknown}
 f - 2 scrolls of teleportation {unknown}
 k - 2 scrolls of fog {unknown}
 o - a scroll of amnesia {unknown}
Potions
 j - a potion of confusion
 m - 2 potions of curing
 p - a potion of speed {unknown}


   Skills:
 - Level 1.0 Fighting
 + Level 2.9 Staves
 - Level 1.0 Throwing
 - Level 1.0 Dodging
 - Level 2.6 Stealth
   Level 2.0 Ice Magic
 + Level 3.6 Poison Magic
   Level 1.0 Invocations


You had 2 spell levels left.
You knew the following spells:

 Your Spells              Type           Power        Failure   Level  Hunger
a - Sting                 Conj/Pois      #...         17%         1    ##.....


Dungeon Overview and Level Annotations

Branches:
Dungeon (4/16)
 Temple: D:4-7

Altars:

Shops:
D:4 [


Innate Abilities, Weirdness & Mutations

You cannot wear most types of armour.
You are amphibious.
You can wear up to eight rings at the same time.
You can use your tentacles to constrict many enemies at once.
Your skin changes colour to match your surroundings (Stlth).
Your rubbery body absorbs attacks (AC +1).
Your vision is a little blurry.
You can breathe flames.
Your body is slowly deteriorating.


Message History

The gnoll shouts!
The giant frog skeleton closely misses you.
There are monsters nearby!
You hit the giant frog skeleton. You grab the giant frog skeleton.
You constrict the giant frog skeleton. The gnoll closely misses you.
The gnoll hits you from afar with a glowing spear!
The gnoll burns you. The giant frog skeleton hits you.
You release your grip on the giant frog skeleton.
There is an open door here.
The giant frog skeleton hits you.
* * * LOW HITPOINT WARNING * * *
You aren't carrying any items that can be evoked.
Read which item? (? for menu, Esc to quit)
Okay, then.
You hit the giant frog skeleton but do no damage.
You grab the giant frog skeleton. You constrict the giant frog skeleton.
The giant frog skeleton closely misses you.
You hit the giant frog skeleton. You constrict the giant frog skeleton.
The giant frog skeleton hits you.
You die...

#.......# #.......#
#......?# #.......#
+....g.g+ #!....gg#
######g## ##.z.# +#
#.@### .## #.## ..#
####'######## #.#
#...........# #.#
#...........# #.##
#........... #..#
#........... ######.#
#...........
......%#####..........


You could see a gnoll shaman, 3 gnolls and a giant frog skeleton.

Vanquished Creatures
  A worker ant (D:4)
  2 adders
  A worm (D:2)
  A giant gecko (D:2)
  An orc (D:4)
  A ball python (D:2)
  3 bats
  2 giant cockroaches
  4 goblins
  6 hobgoblins
  4 giant newts
  4 kobolds
  7 rats
37 creatures vanquished.

Notes
Turn   | Place    | Note
--------------------------------------------------------------
     0 | D:1      | M4edhros, the Octopode Wanderer, began the quest for the Orb.
     0 | D:1      | Reached XP level 1. HP: 13/13 MP: 2/2
   443 | D:1      | Reached XP level 2. HP: 18/18 MP: 3/3
   822 | D:2      | Reached XP level 3. HP: 16/23 MP: 4/4
  1578 | D:3      | Reached skill level 3 in Poison Magic
  1581 | D:3      | Gained mutation: Your vision is a little blurry. [potion of mutation]
  1581 | D:3      | Gained mutation: You can breathe flames. [potion of mutation]
  1581 | D:3      | Gained mutation: Your body is slowly deteriorating. [potion of mutation]
  1699 | D:3      | Reached XP level 4. HP: 17/28 MP: 5/5
  1831 | D:4      | Found Ahousmu's Antique Armour Boutique.
  1971 | D:4      | Slain by a giant frog skeleton

Action                   |  1- 3 |  4- 6 || total
-------------------------+-------+-------++-------
Melee: Quarterstaff      |    62 |    11 ||    73
  Use: Potion            |     3 |       ||     3
 Stab: Sleeping          |     5 |       ||     5
